TOP OF THE 1ST |
Northern Virginia Rainbow Mermaids batting - Pitching for Chicago Gold Sox : RHP Gordon Neugebauer
|
Pitching: RHP Gordon Neugebauer
|
|
Batting: LHB Rafael Sánchez
|
0-0: Ball 1-0: Ball 2-0: Called Strike 2-1: Ball 3-1: Ground out 4-3 (Groundball, 4)
|
Batting: RHB Brett Callison
|
0-0: Foul Ball, location: 2F 0-1: Called Strike 0-2: Ball 1-2: Fly out, F9 (Flyball, 89S)
|
Batting: LHB Roberto Sánchez
|
0-0: Ball 1-0: Ball 2-0: Swinging Strike 2-1: Fly out, F9 (Flyball, 89S)
|
Top of the 1st over - 0 runs, 0 hits, 0 errors, 0 left on base; Northern Virginia 0 - Chicago 0 |
BOTTOM OF THE 1ST |
Chicago Gold Sox batting - Pitching for Northern Virginia Rainbow Mermaids : RHP Mimosa Joseph
|
Pitching: RHP Mimosa Joseph
|
|
Batting: LHB Stanley Belote
|
0-0: Ground out 4-3 (Groundball, 4)
|
Batting: LHB Noel Ballard
|
0-0: Ball 1-0: Swinging Strike 1-1: Ball 2-1: Ball 3-1: Base on Balls
|
Batting: LHB Melvin Castro
|
0-0: Called Strike 0-1: Ball 1-1: Ball 2-1: Ball 3-1: Called Strike 3-2: SINGLE (Groundball, 56D) Noel Ballard to second Noel Ballard to third
|
Batting: LHB Dewitt Hopper
|
0-0: Ball 1-0: Foul Ball, location: 2F 1-1: Ball 2-1: Fly out, F7 (Flyball, 78D) Runner from 3rd tags up, SCORES, throw made
|
Batting: SHB Lupo Cotto
|
0-0: Fly out, F7 (Flyball, 7D)
|
Bottom of the 1st over - 1 run, 1 hit, 0 errors, 1 left on base; Northern Virginia 0 - Chicago 1 |
TOP OF THE 2ND |
Northern Virginia Rainbow Mermaids batting - Pitching for Chicago Gold Sox : RHP Gordon Neugebauer
|
Batting: SHB Eustacio Tafalla
|
0-0: Ball 1-0: Called Strike 1-1: Ball 2-1: Foul Ball, location: 2F 2-2: Strikes out swinging
|
Batting: RHB Alfredo Pizarro
|
0-0: TRIPLE (Line Drive, 9LD)
|
Batting: LHB Ty Tomblin
|
0-0: Swinging Strike 0-1: Ground out 4-3 (Groundball, 4) Alfredo Pizarro scores
|
Batting: RHB Arlen Joysey
|
0-0: Ground out 5-3 (Groundball, 5S)
|
Top of the 2nd over - 1 run, 1 hit, 0 errors, 0 left on base; Northern Virginia 1 - Chicago 1 |
BOTTOM OF THE 2ND |
Chicago Gold Sox batting - Pitching for Northern Virginia Rainbow Mermaids : RHP Mimosa Joseph
|
Batting: LHB Ricardo Collazo
|
0-0: Ball 1-0: Called Strike 1-1: Ground out 4-3 (Groundball, 4)
|
Batting: RHB Manuel Guillama
|
0-0: Called Strike 0-1: Ball 1-1: Foul Ball, location: 2F 1-2: Fly out, F9 (Flyball, 9)
|
Batting: RHB Zeus Preckwinkle
|
0-0: Ball 1-0: Called Strike 1-1: Foul Ball, location: 2F 1-2: Ball 2-2: Fly out, F7 (Line Drive, 7D)
|
Bottom of the 2nd over - 0 runs, 0 hits, 0 errors, 0 left on base; Northern Virginia 1 - Chicago 1 |
TOP OF THE 3RD |
Northern Virginia Rainbow Mermaids batting - Pitching for Chicago Gold Sox : RHP Gordon Neugebauer
|
Batting: RHB Mike Strickland
|
0-0: Ball 1-0: Ball 2-0: Foul Ball, location: 2F 2-1: Foul Ball, location: 2F 2-2: Ball 3-2: Fly out, F8 (Line Drive, 8RXD)
|
Batting: RHB Bernardo Herrera
|
0-0: Fly out, F7 (Line Drive, 7LM)
|
Batting: LHB Rafael Sánchez
|
0-0: Ball 1-0: SINGLE (Groundball, 6M) (infield hit)
|
Batting: RHB Brett Callison
|
0-0: Ball Rafael Sánchez steals 2nd base 1-0: Foul Ball, location: 2F 1-1: Ball 2-1: Ball 3-1: Foul Ball, location: 2F 3-2: Foul Ball, location: 2F 3-2: Fly out, F4 (Popup, 34S)
|
Top of the 3rd over - 0 runs, 1 hit, 0 errors, 1 left on base; Northern Virginia 1 - Chicago 1 |
BOTTOM OF THE 3RD |
Chicago Gold Sox batting - Pitching for Northern Virginia Rainbow Mermaids : RHP Mimosa Joseph
|
Batting: RHB Matt Love
|
0-0: Called Strike 0-1: Ball 1-1: Called Strike 1-2: Ground out 6-3 (Groundball, 6)
|
Batting: LHB Stanley Belote
|
0-0: Ground out 4-3 (Groundball, 4)
|
Batting: LHB Noel Ballard
|
0-0: Ball 1-0: Ball 2-0: Swinging Strike 2-1: Ball 3-1: Base on Balls
|
Batting: LHB Melvin Castro
|
0-0: Ball Noel Ballard steals 2nd base 1-0: Ball 2-0: Ball 3-0: Called Strike 3-1: SINGLE (Line Drive, 89S) Noel Ballard to third Runner from 3rd tries for Home, SAFE, no throw
|
Batting: LHB Dewitt Hopper
|
0-0: Ball 1-0: 2-RUN HOME RUN (Flyball, 9D), Distance : 376 ft
|
Batting: SHB Lupo Cotto
|
0-0: Foul Ball, location: 2F 0-1: Ball 1-1: Ball 2-1: Fly out, F8 (Flyball, 89S)
|
Bottom of the 3rd over - 3 runs, 2 hits, 0 errors, 0 left on base; Northern Virginia 1 - Chicago 4 |
TOP OF THE 4TH |
Northern Virginia Rainbow Mermaids batting - Pitching for Chicago Gold Sox : RHP Gordon Neugebauer
|
Batting: LHB Roberto Sánchez
|
0-0: Foul Ball, location: 2F 0-1: Called Strike 0-2: Foul Ball, location: 2F 0-2: Foul Ball, location: 2F 0-2: Ground out 6-3 (Groundball, 6)
|
Batting: SHB Eustacio Tafalla
|
0-0: Ball 1-0: DOUBLE (Line Drive, 78XD)
|
Batting: RHB Alfredo Pizarro
|
0-0: Ground out 5-3 (Groundball, 56)
|
Batting: LHB Ty Tomblin
|
0-0: Called Strike 0-1: Foul Ball, location: 2F 0-2: Fly out, F4 (Popup, 4)
|
Top of the 4th over - 0 runs, 1 hit, 0 errors, 1 left on base; Northern Virginia 1 - Chicago 4 |
BOTTOM OF THE 4TH |
Chicago Gold Sox batting - Pitching for Northern Virginia Rainbow Mermaids : RHP Mimosa Joseph
|
Batting: LHB Ricardo Collazo
|
0-0: Foul Ball, location: 2F 0-1: Ball 1-1: DOUBLE (Line Drive, 78XD)
|
Batting: RHB Manuel Guillama
|
0-0: Called Strike 0-1: Ball 1-1: Ball 2-1: Ball 3-1: Foul Ball, location: 2F 3-2: Foul Ball, location: 2F 3-2: Ground out 1-3 (Groundball, 15)
|
Batting: RHB Zeus Preckwinkle
|
0-0: Ball 1-0: Foul Ball, location: 2F 1-1: SINGLE (Flyball, 9S) Ricardo Collazo to third Runner from 3rd tries for Home, SAFE, throw made home
|
Batting: RHB Matt Love
|
0-0: Ball 1-0: Called Strike 1-1: Called Strike 1-2: Strikes out looking
|
Batting: LHB Stanley Belote
|
0-0: Ball 1-0: Ball 2-0: Foul Ball, location: 2F 2-1: Foul Ball, location: 2F 2-2: Ball 3-2: Foul Ball, location: 2F 3-2: Ground out U3 (Groundball, 34)
|
Bottom of the 4th over - 1 run, 2 hits, 0 errors, 1 left on base; Northern Virginia 1 - Chicago 5 |
TOP OF THE 5TH |
Northern Virginia Rainbow Mermaids batting - Pitching for Chicago Gold Sox : RHP Gordon Neugebauer
|
Batting: RHB Arlen Joysey
|
0-0: Ball 1-0: Ground out 5-3 (Groundball, 56S)
|
Batting: RHB Mike Strickland
|
0-0: Ball 1-0: Swinging Strike 1-1: Swinging Strike 1-2: Strikes out swinging
|
Batting: RHB Bernardo Herrera
|
0-0: Ball 1-0: Ball 2-0: Ball 3-0: Base on Balls
|
Batting: LHB Rafael Sánchez
|
0-0: DOUBLE (Groundball, 3L) Bernardo Herrera to third Runner from 3rd tries for Home, SAFE, no throw
|
Batting: RHB Brett Callison
|
0-0: Ball 1-0: Foul Ball, location: 2F 1-1: Called Strike 1-2: Ball 2-2: Ball 3-2: Foul Ball, location: 2F 3-2: Base on Balls
|
Batting: LHB Roberto Sánchez
|
0-0: Ball 1-0: Foul Ball, location: 2F 1-1: Swinging Strike 1-2: Foul Ball, location: 2F 1-2: Foul Ball, location: 2F 1-2: Ball 2-2: Foul Ball, location: 2F 2-2: Strikes out swinging
|
Top of the 5th over - 1 run, 1 hit, 0 errors, 2 left on base; Northern Virginia 2 - Chicago 5 |
BOTTOM OF THE 5TH |
Chicago Gold Sox batting - Pitching for Northern Virginia Rainbow Mermaids : RHP Mimosa Joseph
|
Batting: LHB Noel Ballard
|
0-0: Swinging Strike 0-1: Ball 1-1: Ball 2-1: Ground out 4-3 (Groundball, 34)
|
Batting: LHB Melvin Castro
|
0-0: Swinging Strike 0-1: Ball 1-1: Ball 2-1: Swinging Strike 2-2: Foul Ball, location: 2F 2-2: Strikes out looking
|
Batting: LHB Dewitt Hopper
|
0-0: Ball 1-0: Foul Ball, location: 2F 1-1: Ball 2-1: Ball 3-1: Fly out, F8 (Flyball, 8RXD)
|
Bottom of the 5th over - 0 runs, 0 hits, 0 errors, 0 left on base; Northern Virginia 2 - Chicago 5 |
TOP OF THE 6TH |
Northern Virginia Rainbow Mermaids batting - Pitching for Chicago Gold Sox : RHP Gordon Neugebauer
|
Batting: SHB Eustacio Tafalla
|
0-0: Ball 1-0: Ball 2-0: Called Strike 2-1: Foul Ball, location: 2F 2-2: Ground out 6-3 (Groundball, 6)
|
Pitching: RHP Alberto Mendoza
|
|
Batting: RHB Alfredo Pizarro
|
0-0: Called Strike 0-1: Swinging Strike 0-2: Foul Ball, location: 2F 0-2: Ground out 4-3 (Groundball, 4)
|
Batting: LHB Ty Tomblin
|
0-0: SINGLE (Groundball, 4MS) (infield hit)
|
Batting: RHB Arlen Joysey
|
0-0: Fly out, F8 (Flyball, 8LD)
|
Top of the 6th over - 0 runs, 1 hit, 0 errors, 1 left on base; Northern Virginia 2 - Chicago 5 |
BOTTOM OF THE 6TH |
Chicago Gold Sox batting - Pitching for Northern Virginia Rainbow Mermaids : RHP Mimosa Joseph
|
Batting: SHB Lupo Cotto
|
0-0: Ball 1-0: Foul Ball, location: 2F 1-1: Foul Ball, location: 2F 1-2: Ball 2-2: Foul Ball, location: 2F 2-2: SOLO HOME RUN (Flyball, 89XD), Distance : 403 ft
|
Batting: LHB Ricardo Collazo
|
0-0: SINGLE (Line Drive, 9LS)
|
Batting: RHB Manuel Guillama
|
0-0: Ball 1-0: Foul Ball, location: 2F 1-1: Foul Ball, location: 2F 1-2: Strikes out looking
|
Pitching: RHP Christian Mustard
|
|
Batting: RHB Zeus Preckwinkle
|
0-0: Ball 1-0: Ball 2-0: Called Strike 2-1: Ball 3-1: Base on Balls Ricardo Collazo to second
|
Batting: RHB Matt Love
|
0-0: Ball 1-0: Foul Ball, location: 2F 1-1: Ball 2-1: Called Strike 2-2: Ball 3-2: Strikes out swinging
|
Batting: LHB Stanley Belote
|
0-0: Foul Ball, location: 2F 0-1: SINGLE (Groundball, 34D) Ricardo Collazo to third Zeus Preckwinkle to second Runner from 3rd tries for Home, SAFE, throw made home
|
Batting: LHB Noel Ballard
|
0-0: Swinging Strike 0-1: Ball Wild Pitch! Zeus Preckwinkle to third Stanley Belote to second 1-1: Foul Ball, location: 2F 1-2: Ball 2-2: Ball 3-2: Foul Ball, location: 2F 3-2: Strikes out looking
|
Bottom of the 6th over - 2 runs, 3 hits, 0 errors, 2 left on base; Northern Virginia 2 - Chicago 7 |
TOP OF THE 7TH |
Northern Virginia Rainbow Mermaids batting - Pitching for Chicago Gold Sox : RHP Alberto Mendoza
|
Batting: RHB Mike Strickland
|
0-0: Ground out U3 (Groundball, 3)
|
Batting: RHB Bernardo Herrera
|
0-0: Called Strike 0-1: Ball 1-1: Ball 2-1: Foul Ball, location: 2F 2-2: Foul Ball, location: 2F 2-2: Strikes out swinging
|
Batting: LHB Rafael Sánchez
|
0-0: Ball 1-0: Called Strike 1-1: Foul Ball, location: 2F 1-2: Strikes out swinging
|
Top of the 7th over - 0 runs, 0 hits, 0 errors, 0 left on base; Northern Virginia 2 - Chicago 7 |
BOTTOM OF THE 7TH |
Chicago Gold Sox batting - Pitching for Northern Virginia Rainbow Mermaids : RHP Christian Mustard
|
Batting: LHB Melvin Castro
|
0-0: Fly out, F8 (Flyball, 8LM)
|
Batting: LHB Dewitt Hopper
|
0-0: Called Strike 0-1: Ball 1-1: Ball 2-1: Ball 3-1: Called Strike 3-2: SOLO HOME RUN (Line Drive, 9LD), Distance : 349 ft
|
Batting: SHB Lupo Cotto
|
0-0: Ball 1-0: Ground out 4-3 (Groundball, 4)
|
Batting: LHB Ricardo Collazo
|
0-0: Ball 1-0: Ball 2-0: Swinging Strike 2-1: Ball 3-1: Ground out 3-1 (Groundball, 34S)
|
Bottom of the 7th over - 1 run, 1 hit, 0 errors, 0 left on base; Northern Virginia 2 - Chicago 8 |
TOP OF THE 8TH |
Northern Virginia Rainbow Mermaids batting - Pitching for Chicago Gold Sox : RHP Alberto Mendoza
|
Batting: RHB Brett Callison
|
0-0: Called Strike 0-1: Foul Ball, location: 2F 0-2: Ball 1-2: Ball 2-2: Ball 3-2: Foul Ball, location: 2F 3-2: Fly out, F4 (Popup, 4S)
|
Batting: LHB Roberto Sánchez
|
0-0: Called Strike 0-1: Called Strike 0-2: Ball 1-2: Strikes out looking
|
Batting: SHB Eustacio Tafalla
|
0-0: Ball 1-0: Ground out U3 (Groundball, 3L)
|
Top of the 8th over - 0 runs, 0 hits, 0 errors, 0 left on base; Northern Virginia 2 - Chicago 8 |
BOTTOM OF THE 8TH |
Chicago Gold Sox batting - Pitching for Northern Virginia Rainbow Mermaids : RHP Christian Mustard
|
Batting: RHB Manuel Guillama
|
0-0: DOUBLE (Flyball, 78XD)
|
Batting: RHB Zeus Preckwinkle
|
0-0: Ball 1-0: Swinging Strike 1-1: Called Strike 1-2: Strikes out swinging
|
Batting: RHB Matt Love
|
0-0: Ball 1-0: Foul Ball, location: 2F 1-1: Ball 2-1: Ball 3-1: Ground out 6-3 (Groundball, 56)
|
Batting: LHB Stanley Belote
|
0-0: Ball 1-0: Ball 2-0: Called Strike 2-1: Ball Wild Pitch! Manuel Guillama to third 3-1: Swinging Strike 3-2: Ground out 4-3 (Groundball, 4)
|
Bottom of the 8th over - 0 runs, 1 hit, 0 errors, 1 left on base; Northern Virginia 2 - Chicago 8 |
TOP OF THE 9TH |
Northern Virginia Rainbow Mermaids batting - Pitching for Chicago Gold Sox : RHP Alberto Mendoza
|
Batting: RHB Alfredo Pizarro
|
0-0: Foul Ball, location: 2F 0-1: Swinging Strike 0-2: Ball 1-2: Ball 2-2: SINGLE (Line Drive, 9S)
|
Batting: LHB Ty Tomblin
|
0-0: Ball 1-0: Ball 2-0: Fielders Choice at 2nd, 6-4 (Groundball, 6M)
|
Batting: RHB Arlen Joysey
|
0-0: Foul Ball, location: 2F 0-1: Ball 1-1: Ball 2-1: Grounds into double play, 6-4-3 (Groundball, 6)
|
Top of the 9th over - 0 runs, 1 hit, 0 errors, 0 left on base; Northern Virginia 2 - Chicago 8 |
|